[Event "*** Titled Tuesday Blitz"]
[Site "Chess.com"]
[Date "2020.04.14"]
[Round "4"]
[White "HElissalt"]
[Black "floplover"]
[Result "1-0"]
[WhiteElo "2157"]
[BlackElo "2275"]
[TimeControl "180+1"]
[EndTime "10:40:07 PDT"]
[Termination "HElissalt won by resignation"]

1. d4 Nf6 2. c4 e6 3. Nc3 Bb4 4. e3 c5 5. Bd3 d5 6. Ne2 O-O 7. a3 Bxc3+ 8. bxc3 dxc4 9. Bxc4 Nbd7 10. O-O b6 11. f3 Bb7 12. e4 Rc8 13. Bd3 cxd4 14.
cxd4 h6 15. a4 Re8 16. Qd2 Nb8 17. a5 bxa5 18. Qxa5 Nc6 19. Qxd8 Rexd8 20. Bb2 Nb4 21. Bb1 Ra8 22. Bc3 a5 23. Rc1 Rdc8 24. Kf2 Nd7 25. Bxb4 Rxc1 26. Nxc1 axb4 27. Rxa8+ Bxa8 28. Ke3 Nb6 29.
Bd3 Bc6 30. Nb3 Kf8 31. Nc5 Ke7 32. Bc2 Kd6 33. Bb3 g5 34. g3 Bb5 35. e5+ Ke7 36. f4 gxf4+ 37. gxf4 Nd5+ 38. Bxd5 exd5 39. f5 Bc4 40.
Kd2 h5 41. h4 Kf8 42. f6 Kg8 43. Nd3 Kh7 44. Nxb4 Kg6 45. Nc6 Kf5 46. Ne7+ Ke4 47. e6 fxe6 48. f7 Kxd4 49. f8=Q e5 50. Qf6 Kc5 51. Qxe5 Kb4 52. Nxd5+ 1-0

[Event "*** Titled Tuesday Blitz"]
[Site "Chess.com"]
[Date "2020.04.14"]
[Round "4"]
[White "yawnpawn"]
[Black "Hangar-18"]
[Result "0-1"]
[WhiteElo "1740"]
[BlackElo "2192"]
[TimeControl "180+1"]
[EndTime "10:40:08 PDT"]
[Termination "Hangar-18 won on time"]

1. e4 e6 2. d4 c5 3. c3 Nf6 4. e5 Nd5 5. Nf3 cxd4 6. cxd4 d6 7.
Bb5+ Nc6 8. O-O Be7 9. exd6 Qxd6 10. Nc3 O-O 11. Ne4 Qd8 12. Ng3 a6 13. Ba4 Bf6 14. Bxc6 bxc6 15. Ne5 c5 16. f4 Bb7 17. dxc5 Qa5 18. Kh1 Rfd8 19. Ng4 Bh4 20. Qb3 Rab8 21. f5 Nf6 22. Qc4 Bd5 23. Nh6+ gxh6 24. Qxh4 Ne8 25. fxe6 Bxe6 26. Bxh6 Qxc5 27. Nh5 Rd4 28. Nf6+ Kh8 29. Qg3 Qd6 30. Nxe8 Qxg3 31. hxg3 Rxe8 0-1

[Event "*** Titled Tuesday Blitz"]
[Site "Chess.com"]
[Date "2020.04.14"]
[Round "4"]
[White "JMatias"]
[Black "crywolf1986"]
[Result "1-0"]
[WhiteElo "2361"]
[BlackElo "2569"]
[TimeControl "180+1"]
[EndTime "10:40:09 PDT"]
[Termination "JMatias won by resignation"]

1. e4 d5 2. exd5 Qxd5 3. Nc3 Qd6 4. Nf3 a6 5. g3 Nf6 6. h3 c5 7. Bg2 Nc6 8. O-O g6 9. d3 Bg7 10. Bf4 Qd8 11. Qd2 O-O 12. Na4 Nd7 13. Bh6 b5 14.
Bxg7 Kxg7 15. Nxc5 Nxc5 16. Qc3+ f6 17. Qxc5 Bb7 18.
Rfe1 Rc8 19. a3 e5 20. Rad1 Re8 21. Qe3 Nd4 22. Nxd4 Bxg2 23. Kxg2 Qxd4 24. Qxd4 exd4 25. Rxe8 Rxe8 26. Kf1 Rc8 27. Rd2 f5 28. Re2 Kf6 29. Ke1 g5 30. Kd2 h5 31. c3 dxc3+ 32. bxc3 Rh8 33.
f3 h4 34. g4 Rc8 35. Re1 fxg4 36. fxg4 Rc6 37. Rf1+ Kg6 38. Rf5 Re6 39. d4 Re4 40. d5 Re8 41. d6 Rd8 42. Rd5 Kf6 43.
Ke3 Ke6 44. Rxg5 Kxd6 45. Rh5 Rc8 46. Kd2 Rf8 47. Rxh4 Rf2+ 48. Ke3 Rc2 49. Kd3 Rh2 50. Kd4 Rd2+ 51. Ke4 Rc2 52. Rh6+ Ke7 53. Rxa6 Rxc3 54. h4 Rb3 55. h5 b4 56. axb4 Rxb4+ 57. Kf5 Rb5+ 58.
Kg6 Rb4 59. g5 Rb8 60. h6 Rg8+ 61. Kh5 Rc8 62. h7 Kf7 63. g6+ Kg7 64. Ra7+ Kh8 65. Kh6 Rg8 66. hxg8=N 1-0

[Event "*** Titled Tuesday Blitz"]
[Site "Chess.com"]
[Date "2020.04.14"]
[Round "4"]
[White "fabianvivasz"]
[Black "Gandrade2"]
[Result "0-1"]
[WhiteElo "2191"]
[BlackElo "2031"]
[TimeControl "180+1"]
[EndTime "10:40:09 PDT"]
[Termination "Gandrade2 won by checkmate"]

1. e4 c5 2. Nf3 g6 3. d4 cxd4 4. Qxd4 Nf6 5. e5 Nc6 6. Qa4 Nd5 7. Qf4 Nxf4 8. Bxf4 Bg7 9. Nbd2 O-O 10. O-O-O Qb6 11. Nc4 Qd8 12. h4 b5 13. Ne3 Qa5 14. Kb1 d6 15.
exd6 Qb4 16. Be5 Nxe5 17. Nd5 Qa5 18. Nxe7+ Kh8 19. Ng5 Be6 20. a3 Nc4 21. Bxc4 bxc4 22. h5 Rab8 23. hxg6 Rxb2+ 24. Kc1 h6 25. Rxh6+ Bxh6 26. Rh1 Rb1+ 27. Kxb1 Qb6+ 28. Kc1 Kg7 29. Rxh6 Kxh6 30.
f4 fxg6 31. Nxe6 Qe3+ 32. Kb2 Qxe6 33. Nc6 Qf6+ 34. c3 Qxd6 35. Nd4 Qxf4 36. Kc2 Qf2+ 37.
Kc1 Re8 38. Nc2 Re2 39. a4 Rxc2+ 40. Kb1 Rb2+ 41. Ka1 Ra2+ 42. Kb1 Qb2# 0-1

[Event "*** Titled Tuesday Blitz"]
[Site "Chess.com"]
[Date "2020.04.14"]
[Round "4"]
[White "Zaven_ChessMood"]
[Black "BaMBoMaTTo"]
[Result "1-0"]
[WhiteElo "2905"]
[BlackElo "2718"]
[TimeControl "180+1"]
[EndTime "10:40:10 PDT"]
[Termination "Zaven_ChessMood won by resignation"]

1. e4 c5 2. Nc3 Nc6 3. Bb5 Nd4 4. Nf3 e6 5. O-O a6 6. Bd3 Nc6 7. b3 Nge7 8. Bb2 Ng6 9. Re1 Be7 10. Bf1 O-O 11. d4 cxd4 12. Nxd4 Bf6 13. Nf3 Nge5 14.
Nd2 d5 15. exd5 exd5 16. Rb1 Re8 17. h3 Bf5 18. Ne2 d4 19. Ng3 Bg6 20. Nde4 Be7 21.
f4 Bxe4 22. Nxe4 Ng6 23. g3 Bb4 24. Re2 Qb6 25. Kh2 Rad8 26. Qd3 Nge7 27. Ng5 g6 28. Bg2 Nf5 29. Ne4 Kg7 30. g4 Nh4 31. Bh1 Qc7 32. Rf1 f5 33. Ng5 Bd6 34. Ref2 h6 35. Bxc6 Bxf4+ 36. Rxf4 hxg5 37. Bxd4+ Kh7 38. Bxe8 gxf4 39.
Bxg6+ Kxg6 40. gxf5+ Kf7 41. c3 f3+ 42. Kh1 Qg3 43.
Qc4+ Kf8 44. Bc5+ Kg7 45. Qg4+ Qxg4 46. hxg4 Rd2 47. Rf2 Rd1+ 48. Kh2 1-0

[Event "*** Titled Tuesday Blitz"]
[Site "Chess.com"]
[Date "2020.04.14"]
[Round "4"]
[White "praveenb2002"]
[Black "MrTattaglia"]
[Result "1/2-1/2"]
[WhiteElo "2677"]
[BlackElo "2862"]
[TimeControl "180+1"]
[EndTime "10:40:10 PDT"]
[Termination "Game drawn by repetition"]

1. d4 Nf6 2. c4 e6 3. Nf3 d5 4. Nc3 Nbd7 5. cxd5 exd5 6. Bf4 c6 7. h3 Be7 8. e3 O-O 9. Bd3 Re8 10. O-O Nf8 11.
Qc2 g6 12. Rab1 Ne6 13. Bh2 a5 14. a3 Ng7 15. b4 axb4 16. axb4 Bf5 17. b5 Bd6 18.
Ne5 c5 19. Bxf5 Nxf5 20. Ng4 Bxh2+ 21. Nxh2 cxd4 22. exd4 Nxd4 23. Qd3 Nf5 24. Nf3 Ra3 25. Ra1 Rxa1 26. Rxa1 d4 27. Ne2 Nd5 28. Rd1 Rxe2 29. Qxe2 Nc3 30. Qd3 Nxd1 31. Qxd1 Qd5 32. g4 Ne7 33.
Qxd4 Qxf3 34. Qd8+ Kg7 35. Qxe7 h6 36. Qe5+ Kh7 37. Qc7 Kg8 38. Qb8+ Kg7 39. Qe5+ Kg8 40. Qb8+ Kh7 41. Qc7 h5 42. gxh5 gxh5 43. b6 Kg6 44.
Qd6+ f6 45. Qd7 Kg5 46. Qd4 Kf5 47. Qc5+ Kg6 48. Qd4 Kg5 49. h4+ Kf5 50. Qd7+ Kf4 51. Qd4+ Kf5 52. Qd7+ Kg6 53. Qe8+ Kg7 54. Qe7+ Kh6 55.
Qf8+ Kg6 56. Qe8+ Kf5 57. Qd7+ 1/2-1/2

[Event "*** Titled Tuesday Blitz"]
[Site "Chess.com"]
[Date "2020.04.14"]
[Round "4"]
[White "nihalsarin"]
[Black "awesomevishesh"]
[Result "1-0"]
[WhiteElo "3057"]
[BlackElo "2536"]
[TimeControl "180+1"]
[EndTime "10:40:10 PDT"]
[Termination "nihalsarin won by resignation"]

1. d4 Nf6 2. c4 e6 3. Nf3 d5 4. g3 dxc4 5. Bg2 a6 6. O-O Nc6 7. e3 Bd6 8. Qe2 O-O 9. Qxc4 e5 10. d5 Ne7 11. Nc3 b5 12. Qb3 Bb7 13. e4 c6 14.
Bg5 Nd7 15. Rad1 Nc5 16. Qc2 cxd5 17. Nxd5 f6 18. Be3 Rc8 19. Qb1 Nxd5 20. exd5 b4 21. Nh4 Qd7 22. Nf5 Rc7 23. Bh3 Qd8 24. Rc1 Bc8 25.
Rfd1 g6 26. Nxd6 Qxd6 27. Bxc5 Rxc5 28. Rxc5 Qxc5 29. Bxc8 Rxc8 30. d6 Rd8 31. Qd3 a5 32. d7 Kf7 33. Qa6 Qc7 34. Rd6 Rxd7 35. Rxf6+ Kg7 36.
Re6 Rd1+ 37. Kg2 Qd7 38. Rxe5 Rd2 39. Qxa5 Rxb2 40. Qc5 Rxa2 41. Re7+ Kf6 1-0

[Event "*** Titled Tuesday Blitz"]
[Site "Chess.com"]
[Date "2020.04.14"]
[Round "4"]
[White "SantoBlue"]
[Black "NTBT_DHS"]
[Result "1-0"]
[WhiteElo "2797"]
[BlackElo "2557"]
[TimeControl "180+1"]
[EndTime "10:40:10 PDT"]
[Termination "SantoBlue won by resignation"]

1. e4 g6 2. d4 Bg7 3. Nf3 d6 4. Bd3 Nf6 5. O-O O-O 6. c3 Nc6 7. Be3 e5 8. Nbd2 Ng4 9. Bg5 f6 10. Bh4 Nh6 11. h3 Kh8 12. Re1 Nf7 13. Bc4 a6 14. a4 Nh6 15. Rc1 Ne7 16. Nf1 g5 17. Bg3 Ng6 18. Ne3 Bd7 19. Nh2 b5 20. axb5 axb5 21.
Bb3 Nf4 22. Nhg4 Nxg4 23. hxg4 c5 24. Nf5 c4 25. Bc2 Bxf5 26. exf5 Qb6 27. Bh2 Qc6 28.
f3 Ra2 29. g3 Nd3 30. Bxd3 cxd3 31. Qxd3 Rxb2 32. Rb1 Rxb1 33. Rxb1 Rb8 34. Kg2 d5 35. Bg1 e4 36. fxe4 dxe4 37. d5 Qa8 38. Qxe4 Re8 39.
Ra1 Qd8 40. Qd3 h5 41. gxh5 Re5 42. d6 Qd7 43. h6 Bf8 44. Rd1 g4 45. Bd4 Rxf5 46.
Rf1 Qc6+ 47. Kg1 Rxf1+ 48. Qxf1 Qxd6 49. Bxf6+ Kg8 50. h7+ Kxh7 51. Qf5+ Kh6 52. Qg5+ Kh7 53. Qh5+ Kg8 54. Qg6+ 1-0

[Event "*** Titled Tuesday Blitz"]
[Site "Chess.com"]
[Date "2020.04.14"]
[Round "4"]
[White "Training_Day"]
[Black "TregubovP"]
[Result "0-1"]
[WhiteElo "2311"]
[BlackElo "2496"]
[TimeControl "180+1"]
[EndTime "10:40:10 PDT"]
[Termination "TregubovP won by resignation"]

1. e4 e6 2. d4 d5 3. e5 c5 4. c3 Nc6 5. Nf3 Qb6 6. a3 Bd7 7. b4 cxd4 8. cxd4 Rc8 9. Bb2 Nh6 10. Bd3 Na5 11. O-O Nc4 12. Bxc4 Rxc4 13. Nc3 Nf5 14. Na4 Qc7 15. Nc5 b6 16. Nxd7 Qxd7 17. g4 Nh6 18. h3 Be7 19. Rc1 O-O 20. Rxc4 dxc4 21. Bc1 Rc8 22.
Bxh6 gxh6 23. Qd2 Qd5 24. Qe3 c3 25. Rc1 c2 26. Ne1 Qa2 27. Qd3 Rd8 28. Rxc2 Qa1 29.
Qc3 Qd1 30. Kg2 Rxd4 31. Nf3 Rd3 32. Qc8+ Kg7 33. Qc6 Rxf3 34. Rc1 Rxf2+ 35. Kxf2 Bh4+ 36. Kg2 Qd2+ 37. Kh1 Qe3 38. Rc3 Qe1+ 39. Kg2 Qf2+ 40. Kh1 Bg3 41. Qg2 Qe1+ 42. Qg1 Qe4+ 43. Qg2 Qe1+ 44.
Qg1 Qxc3 0-1

[Event "*** Titled Tuesday Blitz"]
[Site "Chess.com"]
[Date "2020.04.14"]
[Round "4"]
[White "Yeytruyol"]
[Black "MisiekZielony"]
[Result "0-1"]
[WhiteElo "2388"]
[BlackElo "2185"]
[TimeControl "180+1"]
[EndTime "10:40:10 PDT"]
[Termination "MisiekZielony won by resignation"]

1. e4 Nf6 2. Nc3 d5 3. e5 Ne4 4. Nb1 d4 5. d3 Nc5 6. Nf3 g6 7. h3 Bg7 8. Bf4 Ne6 9. Bh2 c5 10. Nbd2 Nc6 11. g4 h5 12. g5 b6 13. Bg2 Bb7 14.
O-O Qd7 15. a3 O-O 16. Re1 f6 17. Nh4 Kh7 18. gxf6 exf6 19. Be4 f5 20. Nxf5 Rxf5 21. Bxf5 gxf5 22. Qxh5+ Kg8 23. Qxf5 Rf8 24. Qh5 Ne7 25. Ne4 Rf5 26. Qh4 Bxe4 27. Rxe4 Ng5 28. Kh1 Nxe4 29. dxe4 Rf3 30. Rg1 Rxh3 31. Qf6 Rh7 32. Rg5 Qh3 33. Qe6+ Kh8 34. Qxh3 Rxh3 35. Kg2 Rh7 36. f4 Nc6 37. f5 Bxe5 38. Bxe5+ Nxe5 39. f6 Nf7 40. Rg6 Rh5 41. Kf3 Ne5+ 42. Kf4 Nxg6+ 43. Kg4 Re5 44. f7 Kg7 45. a4 Kxf7 46. Kf3 0-1

[Event "*** Titled Tuesday Blitz"]
[Site "Chess.com"]
[Date "2020.04.14"]
[Round "4"]
[White "VolodymyrMolyboha"]
[Black "Willychess95"]
[Result "0-1"]
[WhiteElo "2430"]
[BlackElo "2647"]
[TimeControl "180+1"]
[EndTime "10:40:11 PDT"]
[Termination "Willychess95 won by checkmate"]

1. e4 c5 2. Nf3 d6 3. c3 Nf6 4. h3 g6 5. Bd3 Bg7 6. O-O O-O 7. Bc2 Nc6 8. d4 cxd4 9. cxd4 d5 10. e5 Ne4 11. Nbd2 Nxd2 12. Bxd2 Qb6 13. Bc3 Bd7 14. Qd2 Rac8 15. Rfe1 Rc7 16. Bb3 Be6 17. Ba4 Rfc8 18. Bxc6 Rxc6 19. Rec1 Qa6 20. Kh2 Bf5 21. Qf4 h6 22.
Re1 e6 23. a3 g5 24. Qe3 Qb5 25. g4 Be4 26. Nd2 Bg6 27. f4 gxf4 28. Qxf4 Qd3 29.
Rf1 Rxc3 30. bxc3 Rxc3 31. Rf3 Qe2+ 32. Rf2 Qd3 33. Rf3 Qc2 34. Raf1 Rxf3 35. Rxf3 Bf8 36. Kg3 Qc1 37. Qe3 Be7 38. Kg2 Bg5 39. Qe2 Bxd2 40.
Rf2 Bg5 41. Kg3 Be4 42. h4 Qxa3+ 43. Kh2 Bxh4 44. Rxf7 Qg3# 0-1

[Event "*** Titled Tuesday Blitz"]
[Site "Chess.com"]
[Date "2020.04.14"]
[Round "4"]
[White "kingandqueen2017"]
[Black "Chessmasterzt"]
[Result "1-0"]
[WhiteElo "2362"]
[BlackElo "2524"]
[TimeControl "180+1"]
[EndTime "10:40:11 PDT"]
[Termination "kingandqueen2017 won on time"]

1. d4 Nf6 2. c4 c5 3. d5 b5 4.
cxb5 a6 5. bxa6 g6 6. Nc3 Bxa6 7.
e4 Bxf1 8. Kxf1 d6 9. Nf3 Bg7 10. g3 O-O 11. Kg2 Qb6 12. a4 Na6 13. Nd2 Rfb8 14. Nb5 Nc7 15. Nc4 Qb7 16. Nxc7 Qxc7 17. Qc2 Nd7 18. Bd2 Ne5 19. Nxe5 Bxe5 20. Bc3 Bxc3 21.
bxc3 c4 22. Rhb1 Rxb1 23. Rxb1 Qc5 24. Rb4 f5 25. Rb5 Qa7 26. exf5 Qxa4 27. Qxa4 Rxa4 28. fxg6 hxg6 29. Rb7 Kf7 30. Rc7 Ra5 31. Rxc4 Rxd5 32.
Rf4+ Kg7 33. h4 Rd3 34. c4 e5 35. Re4 Kf6 36. Re3 Rd4 37. Rc3 g5 38. hxg5+ Kxg5 39. c5 dxc5 40. Rxc5 Kf6 41. Rc6+ Kf5 42. Rc8 Rd2 43.
Rf8+ Kg5 44. Kh3 Ra2 45. f3 Ra3 46. Rg8+ Kf5 47. g4+ Ke6 48. Kg3 Kf6 49. Rf8+ Ke6 50.
g5 Ra1 51. Kg4 Rh1 52. g6 Ke7 53. Rf7+ Ke6 54. Kg5 Rg1+ 55. Kh6 Rh1+ 56. Kg7 Rh3 57. Rf6+ Ke7 58. Rf7+ Ke6 59. Kg8 Rg3 60. g7 Rh3 61. Kf8 1-0

[Event "*** Titled Tuesday Blitz"]
[Site "Chess.com"]
[Date "2020.04.14"]
[Round "4"]
[White "Trickov"]
[Black "Kimster98"]
[Result "0-1"]
[WhiteElo "2264"]
[BlackElo "2532"]
[TimeControl "180+1"]
[EndTime "10:40:11 PDT"]
[Termination "Kimster98 won by checkmate"]

1. d4 Nf6 2. Nf3 b6 3. g3 Bb7 4. Bg2 g6 5. O-O Bg7 6. c4 e6 7. Nc3 Ne4 8. Qc2 Nxc3 9. bxc3 d6 10. e4 Nd7 11. Bg5 f6 12. Be3 O-O 13. a4 a5 14. c5 dxc5 15. dxc5 Nxc5 16. Bxc5 bxc5 17. Qb3 Qc8 18. Qc4 Ba6 19. Qxc5 Bxf1 20. Bxf1 Rd8 21.
Bc4 Bf8 22. Qe3 Kg7 23. e5 f5 24. Ng5 Re8 25. Qf3 c6 26. h4 h6 27. Nh3 Qc7 28. Nf4 Qxe5 29. Qxc6 Qd6 30. Nxe6+ Kf6 31. Qxd6 Bxd6 32.
Nd4 Be5 33. Rb1 Rab8 34. Bb5 Rec8 35. Rd1 Rxc3 36. Nc6 Rc8 37. Nxa5 Rc1 38. Rxc1 Rxc1+ 39. Kg2 Rc2 40. Nc6 Bd6 41. Nd4 Ra2 42. Nb3 Bc7 43. a5 Bb8 44. a6 Ba7 45. Nc1 Rxf2+ 46. Kh3 Rb2 47. Bc4 g5 48. Nd3 g4# 0-1

[Event "*** Titled Tuesday Blitz"]
[Site "Chess.com"]
[Date "2020.04.14"]
[Round "4"]
[White "talman67"]
[Black "Andrii_Prydun"]
[Result "0-1"]
[WhiteElo "2535"]
[BlackElo "2351"]
[TimeControl "180+1"]
[EndTime "10:40:11 PDT"]
[Termination "Andrii_Prydun won by resignation"]

1. e4 c6 2. d4 d5 3. e5 Bf5 4. Nf3 e6 5. Be2 Nd7 6. O-O h6 7. Nbd2 Ne7 8. Nb3 Bh7 9. a4 a5 10. Bd2 Nf5 11. c4 dxc4 12. Bxc4 Be7 13. Qe2 O-O 14.
Bd3 Qb6 15. Bc4 Bb4 16. Bf4 Ne7 17. Bd3 Bxd3 18. Qxd3 Nd5 19. Bd2 c5 20. Rac1 cxd4 21. Nbxd4 Bc5 22. Rfe1 Rfd8 23. Qe4 Bxd4 24. Nxd4 Qxb2 25.
Rcd1 Nc5 26. Qg4 Kf8 27. Nb5 Nd3 28. Rf1 Nxe5 29. Qe4 Ng6 30. f4 Kg8 31. f5 exf5 32. Qxf5 Qf6 33. Qxf6 Nxf6 34. Bc3 Ne4 35. Rxd8+ Rxd8 36. Bxa5 Ra8 37. Re1 Nc5 38. Bb6 Nxa4 39. Bd4 Rd8 40.
Ra1 Rd5 41. Rb1 Nf4 42. Kf2 Nd3+ 43. Ke3 Ndb2 44. Nc3 Nxc3 45. Bxc3 Rd3+ 46. Ke4 Rxc3 47. Rxb2 Rc7 48. Ke5 Kh7 49. Kf5 Rc5+ 50. Kf4 b5 51. g4 g5+ 52. Ke4 Kg6 53. Rb3 f5+ 54. gxf5+ Rxf5 55. Rc3 Rf4+ 56. Ke5 b4 57. Rc6+ Kh5 58.
Rb6 Rh4 59. Kf5 Rxh2 60. Rxb4 Rf2+ 61. Ke4 Rf4+ 0-1

[Event "*** Titled Tuesday Blitz"]
[Site "Chess.com"]
[Date "2020.04.14"]
[Round "4"]
[White "Lion-Al-Messi"]
[Black "kekic76"]
[Result "1-0"]
[WhiteElo "2474"]
[BlackElo "2283"]
[TimeControl "180+1"]
[EndTime "10:40:11 PDT"]
[Termination "Lion-Al-Messi won on time"]

1. d4 Nf6 2. Nf3 e6 3. Nc3 d5 4. Bg5 Be7 5. e3 O-O 6. Bd3 c5 7. O-O Nc6 8. dxc5 Bxc5 9. e4 dxe4 10. Nxe4 Be7 11. Qe2 Nxe4 12. Qxe4 g6 13. Bxe7 Qxe7 14.
Rfe1 Bd7 15. Rad1 Rfd8 16. h4 h5 17. Ng5 Qf6 18. Re3 Qf5 19. Qxf5 gxf5 20. Be2 Be8 21. Rxd8 Rxd8 22. Bxh5 Rd2 23. Nxe6 Rxc2 24. Rg3+ Kh8 25. Nc7 Bd7 26. Bxf7 Ne5 27. Rg8+ Kh7 28. Nd5 Nxf7 29. Nf6+ Kh6 30. Nxd7 Rxb2 31. Nf6 Rxa2 32. h5 Ne5 33. f4 Ra1+ 34. Kh2 Ng4+ 35. Nxg4+ fxg4 36. Rxg4 Kxh5 37. Rg7 b5 38. Rb7 a6 39. Kh3 Rf1 40. Kg3 1-0

[Event "*** Titled Tuesday Blitz"]
[Site "Chess.com"]
[Date "2020.04.14"]
[Round "4"]
[White "LiamVrolijk"]
[Black "DanielDardha2005"]
[Result "0-1"]
[WhiteElo "2780"]
[BlackElo "2580"]
[TimeControl "180+1"]
[EndTime "10:40:12 PDT"]
[Termination "DanielDardha2005 won by checkmate"]

1. e4 c5 2. Nf3 Nc6 3. Bb5 Nf6 4. Bxc6 dxc6 5. d3 Bg4 6. Nbd2 e5 7. h3 Bxf3 8. Qxf3 Nd7 9. O-O Be7 10. a4 O-O 11. a5 Re8 12. Nc4 f6 13. Qg3 b5 14.
axb6 axb6 15. Rxa8 Qxa8 16. f4 exf4 17. Bxf4 Bf8 18.
Bd6 b5 19. Bxf8 Nxf8 20. Nd6 Re6 21. Nf5 Qa7 22. Kh2 Ng6 23. Kh1 c4 24. Qe1 cxd3 25.
cxd3 Ne5 26. Qc3 c5 27. b4 c4 28. d4 Nd3 29. Ng3 Ra6 30. Qd2 Ra2 31. Qe3 Nxb4 32. e5 Ra3 33. Qf4 Nd5 34. Qg4 Qe7 35. Nf5 Qc7 36. Nh6+ Kh8 37. Qe6 gxh6 38. Qxd5 f5 39. Rxf5 Ra1+ 40. Kh2 Qe7 41. Qxb5 c3 42. Qc6 c2 43.
Qxc2 Ra8 44. Qc6 Rg8 45. Qxh6 Qb7 46. Qf6+ Rg7 47. Qd8+ Rg8 48. Rf8 Qxg2# 0-1

[Event "*** Titled Tuesday Blitz"]
[Site "Chess.com"]
[Date "2020.04.14"]
[Round "4"]
[White "karinachess1"]
[Black "Ave_Mariia"]
[Result "1-0"]
[WhiteElo "2493"]
[BlackElo "2308"]
[TimeControl "180+1"]
[EndTime "10:40:12 PDT"]
[Termination "karinachess1 won by checkmate"]

1. Nf3 d6 2. d4 Nf6 3. g3 g6 4. Bg2 Bg7 5. O-O O-O 6. b3 c6 7. Bb2 Qc7 8. Nbd2 Nbd7 9. e4 e5 10. h3 Re8 11. Re1 b5 12. a4 b4 13. a5 Ba6 14. Ra4 Rab8 15. Qa1 c5 16. dxe5 Nxe5 17. Nxe5 dxe5 18. Nf3 Nd7 19. h4 c4 20. bxc4 Bxc4 21. Qc1 Rec8 22. Bh3 Qc6 23. Ra1 Be6 24. Bxe6 Qxe6 25. Qd2 b3 26. cxb3 Nc5 27. Rac1 Qxb3 28. Bxe5 Rd8 29. Qe2 Nd3 30. Bxb8 Nxc1 31. Rxc1 Rxb8 32.
Kg2 Qa3 33. Rd1 Qxa5 34. Rd5 Qc3 35. Qa6 h5 36. Ng5 Bd4 37. Qd6 Rb4 38. Qd8+ Kg7 39. Qe7 Kh6 40. Qxf7 Bg7 41. Rd6 Rb6 42. Qxg6# 1-0

[Event "*** Titled Tuesday Blitz"]
[Site "Chess.com"]
[Date "2020.04.14"]
[Round "4"]
[White "littleozy"]
[Black "annamaja"]
[Result "1/2-1/2"]
[WhiteElo "2409"]
[BlackElo "2179"]
[TimeControl "180+1"]
[EndTime "10:40:12 PDT"]
[Termination "Game drawn by repetition"]

1. a3 d5 2. b4 Nf6 3. Nf3 e6 4. e3 a5 5. b5 a4 6. c4 c6 7. Bb2 cxb5 8. cxd5 exd5 9. Bxb5+ Bd7 10. Nc3 Bxb5 11.
Nxb5 Nc6 12. O-O Be7 13. Nc3 Qa5 14. Ne2 O-O 15. Ned4 Ne4 16. Nf5 Bf6 17. Bxf6 Nxf6 18. d4 Ne4 19. Ne5 Nxe5 20. dxe5 Rfe8 21. Rb1 Nc3 22.
Qg4 g6 23. Rxb7 Ra7 24. Rxa7 Qxa7 25. Nh6+ Kg7 26. Qg5 Re6 27. Nf5+ Kf8 28. Qh6+ Ke8 29. Ng7+ Kd7 30. Nxe6 Kxe6 31. Qxh7 Qa6 32. Qh3+ Ke7 33. Qh8 Ne2+ 34. Kh1 Ng3+ 35. hxg3 Qxf1+ 36. Kh2 Qxf2 37. Qb8 Qxe3 38. Qd6+ Ke8 39. Qc6+ Ke7 40. Qf6+ Kf8 41. Qh8+ Ke7 42. Qf6+ Ke8 43. Qc6+ Kf8 44. Qd6+ Kg8 45. Qd8+ Kh7 46. Qf6 Qh6+ 47. Kg1 Qc1+ 48. Kh2 Qh6+ 49. Kg1 Qg7 50. Qh4+ Qh6 51. Qf6 1/2-1/2

[Event "*** Titled Tuesday Blitz"]
[Site "Chess.com"]
[Date "2020.04.14"]
[Round "4"]
[White "HarutyunianTigranK"]
[Black "GadimbayliA"]
[Result "0-1"]
[WhiteElo "2711"]
[BlackElo "2898"]
[TimeControl "180+1"]
[EndTime "10:40:13 PDT"]
[Termination "GadimbayliA won on time"]

1. c4 e5 2. Nc3 Nf6 3. Nf3 Nc6 4. e4 Bc5 5. Nxe5 Nxe5 6. d4 Bb4 7. dxe5 Nxe4 8. Qf3 Nxc3 9. bxc3 Bc5 10. Qg3 Rg8 11. Bd3 g6 12. O-O Qe7 13. Bg5 Qe6 14. Rad1 Be7 15.
Be4 Bxg5 16. Qxg5 a5 17. Bd5 Qe7 18. Qh6 Ra6 19. Rd3 Rb6 20. Rf3 Rf8 21. h3 a4 22.
Qxh7 f5 23. Qh6 g5 24. Qh5+ Kd8 25. Rg3 c6 26. Bf3 a3 27. Rxg5 Qxe5 28. Qh4 Kc7 29.
Qd4 Qxd4 30. cxd4 Rb2 31. Ra1 b6 32. h4 Ba6 33. d5 Bxc4 34. dxc6 dxc6 35. Rg7+ Rf7 36.
Rg6 c5 37. h5 Rxa2 38. Rc6+ Kd8 39. Rd1+ Rd7 40. Rcd6 Rxd6 41. Rxd6+ Kc7 42. Rc6+ Kd7 43.
h6 Ra1+ 44. Kh2 a2 0-1

[Event "*** Titled Tuesday Blitz"]
[Site "Chess.com"]
[Date "2020.04.14"]
[Round "4"]
[White "SONOFHOLYGOD"]
[Black "OparinGrigoriy"]
[Result "1-0"]
[WhiteElo "2609"]
[BlackElo "2952"]
[TimeControl "180+1"]
[EndTime "10:40:13 PDT"]
[Termination "SONOFHOLYGOD won by resignation"]

1. d4 Nf6 2. Nf3 e6 3. Bf4 b6 4. Nbd2 Bb7 5. e3 Bd6 6. Bg3 O-O 7. Bd3 Qe7 8. Qe2 Nc6 9. Ne5 Nb4 10. f4 c5 11. O-O Bc7 12. c3 Nxd3 13. Qxd3 d6 14.
Bh4 Bd8 15. Ng4 Kh8 16. e4 Qc7 17. Nxf6 gxf6 18. d5 Rg8 19. c4 b5 20. f5 e5 21.
cxb5 a6 22. bxa6 Bxa6 23. Nc4 Rg4 24. Bf2 Qe7 25. b3 Bc7 26. h3 Rg7 27. Be3 Rag8 28. Rf2 Rg3 29. Kh1 Ba5 30. Rg1 Qf8 31. Qe2 Bc3 32.
Rf3 Bd4 33. Qf2 R3g5 34. Qe2 Rg3 35. Qf2 R3g7 36. Qe2 Qb8 37. Rd1 Rg3 38. Rxg3 Rxg3 39. Bf2 Rg8 40. Bh4 Qd8 41. Qh5 Kg7 42. Rd3 Kf8 43.
Qh6+ Ke8 44. Bxf6 Qb8 45. Bh4 Bxc4 46. Qf6 Kd7 47. Qxf7+ Kc8 48. Qxg8+ Kb7 49. Qxb8+ Kxb8 50. bxc4 1-0

[Event "*** Titled Tuesday Blitz"]
[Site "Chess.com"]
[Date "2020.04.14"]
[Round "4"]
[White "Jbd735"]
[Black "want2lose"]
[Result "0-1"]
[WhiteElo "2443"]
[BlackElo "2759"]
[TimeControl "180+1"]
[EndTime "10:40:13 PDT"]
[Termination "want2lose won on time"]

1. e4 e5 2. Nf3 Nc6 3. Bb5 Nf6 4.
d3 Bc5 5. Bxc6 dxc6 6. Nbd2 Nd7 7. Qe2 O-O 8. Nc4 Re8 9. Be3 Bf8 10. O-O-O a5 11.
g4 b5 12. Ncd2 a4 13. h4 Nc5 14. Rdg1 b4 15. Bxc5 Bxc5 16. Nc4 b3 17. a3 bxc2 18. Nfxe5 Be6 19. Kxc2 Qb8 20. Kc1 Qb5 21. Rd1 Rab8 22. f4 Bd4 23. Rh2 f6 24. Nf3 Bxg4 25. Nxd4 Bxe2 26.
Nxb5 Bxd1 27. Nxc7 Re7 28. Na6 Ra8 29. Nb4 Bb3 30. Kd2 Bxc4 31. dxc4 c5 32. Nd5 Rxe4 33. Kd3 Rd4+ 34. Kc3 Rb8 35. Re2 Rb3+ 36. Kc2 Rxc4+ 37. Nc3 Rxf4 38. Nxa4 Rb5 39. Nc3 Ra5 40. Re7 Rxh4 41. a4 h5 42. b3 Rg4 43. Nd5 h4 44. Re3 Rg3 45. Re4 h3 46. Rh4 g5 47. Rh5 Kg7 48. Ne7 Rf3 0-1

[Event "*** Titled Tuesday Blitz"]
[Site "Chess.com"]
[Date "2020.04.14"]
[Round "4"]
[White "gena217"]
[Black "platy3"]
[Result "1-0"]
[WhiteElo "2920"]
[BlackElo "2738"]
[TimeControl "180+1"]
[EndTime "10:40:14 PDT"]
[Termination "gena217 won by resignation"]

1. e4 e5 2. Nf3 Nc6 3. Bb5 a6 4.
Ba4 Nf6 5. O-O b5 6. Bb3 Bb7 7.
c3 Nxe4 8. d4 exd4 9. Re1 d5 10.
Nbd2 Be7 11. cxd4 O-O 12. Nxe4 dxe4 13. Rxe4 Na5 14. Re3 Nxb3 15. Qxb3 Bd5 16. Qc2 Bd6 17. Bd2 f6 18. Ba5 Qd7 19. Rae1 Rfe8 20. b3 Bxf3 21. Rxf3 Rxe1+ 22. Bxe1 Re8 23. Ba5 b4 24. Qc4+ Qf7 25. Kf1 Kf8 26. Re3 Qh5 27. Rxe8+ Kxe8 28. Qe2+ Qxe2+ 29. Kxe2 Kd7 30. Kd3 Kc6 31. Kc4 Bxh2 32. d5+ Kd7 33. Bxb4 Be5 34. Bd2 h5 35. f3 h4 36. Be3 Bg3 37. b4 Bh2 38. a4 Kc8 39. b5 Kb7 40. Bc5 g5 41. Bd4 f5 42. Bf6 Bf4 43. Bd8 Be3 44. bxa6+ Kxa6 45. Bxc7 Kb7 46. Bd8 Kc8 47. Bf6 Kd7 48. a5 Kd6 49. a6 g4 50. Bxh4 gxf3 51. gxf3 1-0

[Event "*** Titled Tuesday Blitz"]
[Site "Chess.com"]
[Date "2020.04.14"]
[Round "4"]
[White "Pomegranate988"]
[Black "MiroVlasenko"]
[Result "0-1"]
[WhiteElo "2499"]
[BlackElo "2667"]
[TimeControl "180+1"]
[EndTime "10:40:14 PDT"]
[Termination "MiroVlasenko won by resignation"]

1. d4 f5 2. Bg5 g6 3. e3 Bg7 4. h4 h6 5. Bf4 d6 6. Nc3 e5 7. dxe5 dxe5 8. Qxd8+ Kxd8 9. O-O-O+ Bd7 10. Bg3 Nc6 11.
Bb5 Kc8 12. Nf3 e4 13. Bxc6 bxc6 14. Ne5 Be8 15. Na4 Bf8 16. f3 Nf6 17. Be1 Nd5 18. fxe4 fxe4 19. Rd4 Nf6 20. Rc4 Bd6 21. Bc3 Nd5 22.
Rxe4 Nxc3 23. Nxc3 Rf8 24. Nf3 Bd7 25. Rd4 c5 26.
Rdd1 Re8 27. Nd5 Bc6 28. Rhe1 Kb7 29. c4 Re4 30. b3 Bg3 31. Re2 Bxh4 32. Nc3 Rg4 33.
Ne5 Rg3 34. Nxc6 Kxc6 35. Rd5 Re8 36. Kd2 Bg5 37. Nd1 h5 38. a4 h4 39. a5 Re4 40.
Kd3 Reg4 41. Nc3 Rxg2 42. Rxg2 Rxg2 43. Ne4 Be7 44. Re5 Kd7 45. Rd5+ Ke6 46. Nxc5+ Bxc5 47. Rxc5 h3 48. Rxc7 Rg5 49. Rc6+ Kf5 50. Rc8 h2 51. Rf8+ Ke5 52. Re8+ Kd6 53. Rh8 Rh5 0-1